Map: Echo LE (Void)

Players

TinyDkBgFace - Winner!

  • Race: Terran Terran
  • League: Gold
  • Spawn Location: 11:00

NightmarTRXY

  • Race: Terran Terran
  • League: Gold
  • Spawn Location: 5:00

VOD

Have the link to the VOD?

Description

Time

  • Played on: Dec. 9, 2016, 4:23 p.m.
  • Length: 6:51
Show
View Real Time Build Order
Export as new Build Order

TinyDkBgFace Terran - Winner!

Build Orders: Cyclone Opening 

Get SALT Encoding   

  12  0:00  SCV  
  13  0:13  SCV  
  14  0:18  Supply Depot  
  14  0:25  SCV  
  15  0:40  Barracks, SCV  
  16  0:49  Supply Depot  
  16  0:52  SCV  
  17  0:59  Refinery  
  18  1:04  SCV  
  18  1:09  Refinery  
  18  1:16  SCV  
  19  1:22  Barracks  
  19  1:29  Marine  
  20  1:38  Orbital Command  
  20  1:47  Marine  
  21  2:04  SCV  
  22  2:10  Factory  
  22  2:11  Factory  
  22  2:16  SCV  
  22  2:17  Barracks Tech Lab  
  22  2:21  Marine  
  24  2:28  SCV  
  25  2:33  Supply Depot  
  25  2:37  Marauder  
  25  2:41  Marine  
  28  2:45  SCV  
  29  2:56  Factory Tech Lab  
  29  2:57  Cyclone  
  32  3:00  Marine  
  32  3:02  Marine  
  34  3:09  Supply Depot  
  34  3:17  Siege Tank  
  37  3:31  Cyclone  
  37  3:32  Marauder  
  42  3:34  Marine  
  42  3:39  Supply Depot  
  43  3:53  Marauder  
  45  3:57  Marine  
  45  4:00  Siege Tank  
  49  4:04  Hellion  
  49  4:06  SCV  
  52  4:14  Marauder  
  52  4:15  Marine  
  55  4:26  Cyclone  
  58  4:31  Supply Depot  
  58  4:42  Marine  
  58  4:43  Marauder  
  61  4:53  Siege Tank  
  61  4:54  Supply Depot  
  61  4:59  Hellion  
  66  5:08  Marine  
  66  5:09  Marine  
  68  5:26  Marine x2  
  57  6:09  Marine x2  
  57  6:27  Marine  
Show
View Real Time Build Order
Export as new Build Order

NightmarTRXY Terran 

Build Orders:  

Get SALT Encoding   

  12  0:22  SCV  
  13  0:28  Supply Depot  
  13  0:35  SCV  
  14  0:38  Refinery  
  14  0:47  SCV  
  15  0:52  Barracks  
  15  1:15  SCV  
  16  1:27  SCV  
  16  1:30  Supply Depot  
  17  1:39  SCV  
  18  1:49  Reaper  
  18  1:52  SCV  
  20  1:54  Refinery  
  20  1:59  Supply Depot  
  20  2:05  Orbital Command  
  20  2:12  Barracks  
  20  2:13  Engineering Bay  
  20  2:26  Barracks Reactor  
  20  2:33  SCV  
  21  2:46  Missile Turret  
  20  2:56  Factory  
  20  2:57  SCV  
  21  3:04  Marine  
  21  3:05  Marine  
  23  3:12  Terran Infantry Weapons Level 1  
  23  3:21  Barracks Tech Lab  
  23  3:22  Marine x2  
  25  3:34  SCV  
  25  3:40  Marine x2  
  28  3:49  Starport  
  28  3:50  Marauder  
  28  3:54  Widow Mine  
  32  3:58  Marine x2, SCV  
  35  4:04  Starport  
  35  4:11  Marine  
  35  4:15  SCV  
  35  4:16  Marine  
  38  4:35  Liberator, Supply Depot  
  38  4:40  Stimpack  
  38  4:49  Liberator  
  38  4:52  Widow Mine  
  38  4:54  Marine x2  
  38  4:59  Missile Turret  
  47  5:10  Marine  
  47  5:12  Marine  
  49  5:19  SCV  
  49  5:21  Widow Mine  
  50  5:25  Marine  
  53  5:32  Marine x2  
  55  5:38  Supply Depot  
  55  5:52  Marine  
  55  5:53  Marine  
  47  6:09  Marine  
Tags
 
League
GoldGold
Matchup
TvT
Race
Terran
Spawn Locations
Cross Positions
Add a new tag
Caveats
  • Supply blocks, unpowered buildings, or Contaminate may cause inaccurate times.
  • Supply counts are checked every 10 seconds.